 Dungeon Crawl Stone Soup version 0.19-a0-687-g35db334 (webtiles) character file.

65 Laraso the Magician (level 3, 0/19 HPs)
             Began as a Deep Elf Ice Elementalist on June 18, 2016.
             Slain by a worm (5 damage)
             ... on level 2 of the Dungeon.
             The game lasted 00:03:17 (1496 turns).

Laraso the Magician (Deep Elf Ice Elementalist)     Turns: 1496, Time: 00:03:17

Health: 0/19       AC:  2    Str:  5    XL:     3   Next: 92%
Magic:  2/10       EV: 13    Int: 20    God:
Gold:   30         SH:  0    Dex: 15    Spells: 2 memorised, 7 levels left

rFire  . . .     SeeInvis .     g - +0 spear
rCold  . . .     Gourm    .     a - +0 robe
rNeg   . . .     Faith    .     (no shield)
rPois  .         Spirit   .     (no helmet)
rElec  .         Dismiss  .     (no cloak)
rCorr  .         Reflect  .     (no gloves)
SustAt .         Harm     .     (no boots)
MR     .....                    (no amulet)
Stlth  ++........               (no ring)
                                (no ring)

@: not resistant to hostile enchantments, unstealthy
A: no striking features
a: no special abilities


You were on level 2 of the Dungeon.
You were not hungry.

You visited 1 branch of the dungeon, and saw 2 of its levels.

You collected 30 gold pieces.

Inventory:

Hand Weapons
 g - a +0 spear (weapon)
Armour
 a - a +0 robe (worn)
Scrolls
 h - a scroll of enchant armour {unknown}
 i - 3 scrolls of identify {unknown}
Potions
 d - a potion of berserk rage {unknown}
 e - a potion of ambrosia {unknown}
 k - a potion of degeneration {unknown}
Books
 b - a book of Frost

   Spells                             Type                      Level
   a - Freeze                         Ice                          1
   b - Throw Frost                    Conjuration/Ice              2
   c - Ozocubu's Armour               Charms/Ice                   3
   d - Throw Icicle                   Conjuration/Ice              4
   e - Summon Ice Beast               Ice/Summoning                4
Comestibles
 c - a bread ration
 f - a chunk of flesh
 j - 3 fruits


   Skills:
 - Level 2.4 Dodging
 - Level 2.4 Stealth
 - Level 4.4 Spellcasting
 * Level 3.2 Conjurations
 * Level 3.2 Ice Magic


You had 7 spell levels left.
You knew the following spells:

 Your Spells              Type           Power        Failure   Level  Hunger
a - Freeze                Ice            ###.         3%          1    None
b - Throw Frost           Conj/Ice       ###...       6%          2    #......


Dungeon Overview and Level Annotations

Branches:
Dungeon (2/15)

Altars:


Message History

Unknown command.
Found 15 stones.
You see here 15 stones.
Found 16 arrows.
MP restored: 10 You see here 16 arrows.
You open the door.
A giant newt comes into view.
Found a mace.
A giant newt is nearby!
A giant newt is nearby!
A giant newt is nearby!
Aim: a giant newt (resting)
The puff of frost hits the giant newt.
You kill the giant newt!
You now have 8/10 mp.
Unknown command.
There is an open door here.
You see here a mace.
As you open the door, it creaks loudly!
You hear a shout!
A kobold comes into view. It is wielding a whip.
There is an open door here.
A kobold is nearby!
A kobold is nearby!
A kobold is nearby!
A kobold is nearby!
Unknown command.
Aim: a kobold, wielding a whip The puff of frost hits the kobold.
You kill the kobold!
You now have 7/10 mp.
Unknown command.
Things that are here:
a whip; a kobold corpse As you open the door, it creaks loudly!
A worm comes into view.
Found a stone staircase leading down.
Aim: a worm The puff of frost hits the worm.
You now have 6/10 mp.
There is an open door here.
Aim: a worm (moderately wounded)
You freeze the worm. The worm bites you!
You take 7 damage, and have 12/19 hp.
MASSIVE DAMAGE!!
You now have 5/10 mp.
Aim: a worm (heavily wounded)
You freeze the worm.
You now have 4/10 mp.
Aim: a worm (almost dead)
You freeze the worm. The worm bites you!
* * * LOW HITPOINT WARNING * * *
You take 7 damage, and have 5/19 hp.
MASSIVE DAMAGE!!
You now have 3/10 mp.
Aim: a worm (almost dead)
You freeze the worm.
* * * LOW MAGIC WARNING * * *
The worm bites you.
You die...

#######
#.....#
#.....####.
#..w.......
#@######.#
#.........
#.######.#
#)# #.# #.#
#.# #.# #.#


You could see a worm.

Vanquished Creatures
  A gnoll (D:1)
  3 adders (D:2)
  A worm (D:2)
  2 bats (D:2)
  5 goblins
  A hobgoblin (D:1)
  3 jackals (D:2)
  7 kobolds
  2 giant newts (D:2)
  2 rats (D:1)
27 creatures vanquished.

Notes
Turn   | Place    | Note
--------------------------------------------------------------
     0 | D:1      | Laraso the Deep Elf Ice Elementalist began the quest for the Orb.
     0 | D:1      | Reached XP level 1. HP: 10/10 MP: 6/6
   431 | D:1      | Reached XP level 2. HP: 14/15 MP: 4/8
   522 | D:1      | Learned a level 2 spell: Throw Frost
   530 | D:1      | Reached skill level 4 in Spellcasting
  1018 | D:2      | Reached skill level 2 in Conjurations
  1018 | D:2      | Reached XP level 3. HP: 19/19 MP: 1/10
  1248 | D:2      | Reached skill level 3 in Conjurations
  1495 | D:2      | HP: 5/19 [worm (7)]
  1496 | D:2      | Slain by a worm

Vault maps used:
D:1:      lightli_arrival_quake, corexii_corridor_pit

Skill      XL: |  1  2  3 |
---------------+----------+-----
Spellcasting   | 4 |  4.4
Conjurations   | 2 3 |  3.2
Dodging        | |  2.4
Stealth        | |  2.4
Ice Magic      | |  3.2

Action                   || total
-------------------------++-------
Melee: Spear             ||     3
 Cast: Freeze            ||    34
       Throw Frost       ||    22
  Use: Scroll            ||     1
  Eat: Chunk             ||     2
Armor: Robe              ||     3
Dodge: Dodged            ||    18

Table legend:
 A = Kills in this place as a percentage of kills in entire the game.
 B = Kills by you in this place as a percentage of kills by you in the entire game.
 C = Kills by friends in this place as a percentage of kills by friends in the entire game.
 D = Other kills in this place as a percentage of other kills in the entire game.
 E = Experience gained in this place as a percentage of experience gained in the entire game.
 F = Experience gained in this place divided by the number of levels of this place that you have seen.
                   A       B       C       D       E      F
               +-------+-------+-------+-------+-------+----------------------
         Total | 100.0 | 100.0 |  -nan |  -nan | 100.0 |  46.5
       Dungeon | 100.0 | 100.0 |  -nan |  -nan | 100.0 |  46.5
               +-------+-------+-------+-------+-------+----------------------

Table legend:
 A = Turns spent in this place as a percentage of turns spent in the entire game.
 B = Non-inter-level travel turns spent in this place as a percentage of non-inter-level travel turns spent in the entire game.
 C = Inter-level travel turns spent in this place as a percentage of turns spent in this place.
 D = Turns resting spent in this place as a percentage of non-inter-level travel turns spent in this place.
 E = Turns spent auto-exploring this place as a percentage of non-inter-level travel turns spent in this place.
 F = Non-inter-level travel turns spent in this place divided by the number of levels of this place that you've seen.
                   A       B       C       D       E      F
               +-------+-------+-------+-------+-------+----------------------
         Total | 100.0 | 100.0 |   0.2 |  10.1 |  11.1 | 212.5
       Dungeon | 100.0 | 100.0 |   0.2 |  10.1 |  11.1 | 212.5
               +-------+-------+-------+-------+-------+----------------------

Vault maps used:
D:1:      lightli_arrival_quake, corexii_corridor_pit
